 Dungeon Crawl Stone Soup version 0.23.2 (webtiles) character file.

Game seed: 5836996697946346473

74 Marnok the Covered (level 3, -11/31 HPs)
             Began as a Demigod Fighter on Apr 9, 2019.
             Mangled by an ogre
             ... wielding a +0 giant club
              (24 damage)
             ... on level 3 of the Dungeon.
             The game lasted 00:04:03 (1514 turns).

Marnok the Covered (Demigod Fighter)                Turns: 1514, Time: 00:04:03

Health: -11/31     AC:  9    Str: 21    XL:     3   Next: 86%
Magic:  5/5        EV:  7    Int: 12    God:
Gold:   85         SH:  9    Dex: 15    Spells: 2/2 levels left

rFire    . . .     SeeInvis .   a - +0 war axe
rCold    . . .     Gourm    .   c - +0 shield
rNeg     . . .     Faith    .   b - +0 scale mail
rPois    .         Spirit   .   l - +0 helmet
rElec    .         Reflect  .   t - +0 cloak
rCorr    .         Harm     .   (no gloves)
MR       .....                  (no boots)
Stlth    ..........             (no amulet)
HPRegen  0.10/turn              (no ring)
MPRegen  0.09/turn              (no ring)

@: no status effects
A: high mp 1
a: no special abilities


You were on level 3 of the Dungeon.
You were not hungry.

You visited 1 branch of the dungeon, and saw 3 of its levels.

You collected 85 gold pieces.

Inventory:

Hand Weapons
 a - a +0 war axe (weapon)
Armour
 b - a +0 scale mail (worn)
 c - a +0 shield (worn)
 l - a +0 helmet (worn)
 t - a +0 cloak (worn)
Scrolls
 e - 3 scrolls of teleportation {unknown}
 g - 3 scrolls of remove curse {unknown}
 m - 2 scrolls of identify {unknown}
 n - a scroll of enchant weapon {unknown}
 r - a scroll of magic mapping {unknown}
 s - a scroll of amnesia {unknown}
Potions
 d - 2 potions of might
 h - a potion of brilliance {unknown}
 i - a potion of agility {unknown}
 j - a potion of magic {unknown}
 k - 2 potions of flight {unknown}
 o - a potion of lignification {unknown}
 p - a potion of degeneration {unknown}
Comestibles
 f - 4 rations
 q - 5 chunks of flesh


   Skills:
 + Level 3.0 Fighting
 + Level 2.7 Axes
 + Level 3.3 Armour
 + Level 0.4 Dodging
 + Level 3.0 Shields


You had 2 spell levels left.
You didn't know any spells.
Your spell library was empty.

Dungeon Overview and Level Annotations

Branches:
Dungeon (3/15)


Innate Abilities, Weirdness & Mutations

You have an increased reservoir of magic. (+10% MP)


Message History

You barely miss the giant cockroach.
The giant cockroach bites you but does no damage.
The giant cockroach barely misses you.
You slash the giant cockroach!
You kill the giant cockroach!
You see here a giant cockroach corpse.
Some of the chunks of flesh in your inventory have rotted away.
An ogre comes into view. It is wielding a +0 giant club.
You slash the ogre!
The ogre is heavily wounded.
You block the ogre's attack.
You slash the ogre!
The ogre is almost dead.
The ogre hits you with a +0 giant club!!
Ouch! That really hurt!
You hit the ogre but do no damage.
The ogre is almost dead.
The ogre hits you with a +0 giant club!!
Ouch! That really hurt!
You die...

##### #### ....#
.....## #. ....#
......##.. ....#
......... ....#
.......##########....#
................O....#
...............#@....#
.........##..........#
......##.##.....#....#
†....#...######.#....#
..####.##.......######
.#####.##.#######
..........############
.............#........
...#########..........


You could see an ogre.

Vanquished Creatures
  2 adders (D:2)
  A worm (D:3)
  2 dart slugs (D:1)
  A leopard gecko (D:2)
  4 giant cockroaches
  9 hobgoblins
  5 jackals (D:1)
  7 bats
  2 frilled lizards
  4 goblins
  3 kobolds
  6 rats
46 creatures vanquished.

Notes
Turn   | Place    | Note
-------+----------+-------------------------------------------
     0 | D:1      | Marnok the Demigod Fighter began the quest for the Orb.
     0 | D:1      | Reached XP level 1. HP: 18/18 MP: 3/3
   146 | D:1      | Reached XP level 2. HP: 15/25 MP: 4/4
   765 | D:1      | Reached XP level 3. HP: 18/31 MP: 5/5
  1263 | D:2      | Found a stormy altar of Qazlal.
  1264 | D:2      | Noticed a fire elemental
  1266 | D:2      | Noticed an air elemental
  1266 | D:2      | Noticed a water elemental
  1266 | D:2      | Noticed an earth elemental
  1287 | D:2      | You fall through a shaft!
  1510 | D:3      | Noticed an ogre
  1514 | D:3      | Mangled by an ogre

Skill      XL: |  1  2  3 |
---------------+----------+-----
Armour         | 3 |  3.3
Fighting       | 3 |  3.0
Axes           | 2 |  2.7
Shields        | 3 |  3.0
Dodging        | |  0.4

Action                   || total
-------------------------++-------
Melee: War axe           ||   130
  Eat: Chunk             ||     2
Armor: Scale mail        ||    53
Dodge: Dodged            ||    52
Block: Shield            ||    69
